 Dungeon Crawl Stone Soup version 0.30-a0-1035-g38d5fb2972 (webtiles) character file.

Game seed: 15962582640077753953

175 jtron the Slasher (level 5, -2/37 HPs)
             Began as a Demonspawn Wanderer on Apr 9, 2023.
             Slain by a gnoll
             ... wielding a +0 spear
              (5 damage)
             ... on level 3 of the Dungeon.
             The game lasted 00:05:49 (1574 turns).

jtron the Slasher (Demonspawn Wanderer)             Turns: 1574, Time: 00:05:50

Health: -2/37      AC:  4    Str:  8    XL:     5   Next: 29%
Magic:  8/8        EV: 11    Int: 14    God:
Gold:   124        SH:  5    Dex: 18    Spells: 8/8 levels left

rFire   . . .      SeeInvis .    a - +2 falchion
rCold   . . .      Faith    .    h - +0 buckler
rNeg    . . .      Spirit   .    d - +0 robe
rPois   .          Reflect  .    (helmet restricted)
rElec   .          Rampage  .    (no cloak)
rCorr   .                        (no gloves)
Will    .....                    (no boots)
Stlth   ++                       j - amulet of the acrobat
HPRegen 0.26/turn                (no ring)
MPRegen 0.22/turn                (no ring)

@: no status effects
A: horns 2, yellow scales 1, magic regeneration, mutation resistance 1
a: no special abilities


You were on level 3 of the Dungeon.
You visited 1 branch of the dungeon, and saw 3 of its levels.

You collected 124 gold pieces.

Inventory:

Hand Weapons
 a - a +2 falchion (weapon)
 b - a +0 sling
Missiles
 c - 4 stones (quivered)
 l - 2 poisoned darts
Armour
 d - a +0 robe (worn)
 e - a +0 cloak
 h - a +0 buckler (worn)
Magical Staves
 g - a staff of fire
Jewellery
 j - an amulet of the acrobat (around neck)
Scrolls
 i - 4 scrolls of identify {unknown}


   Skills:
 * Level 1.5 Fighting
 + Level 2.7 Long Blades
 + Level 1.9 Ranged Weapons
 + Level 1.9 Armour
 + Level 1.2 Dodging
 - Level 2.1 Shields
 * Level 2.0 Spellcasting
 + Level 1.0 Air Magic
 * Level 1.5 Poison Magic
 + Level 1.2 Invocations


You had 8 spell levels left.
You didn't know any spells.
Your spell library contained the following spells:

 Spells                   Type           Power      Damage    Failure   Level
 Poisonous Vapours        Pois/Air       10%        N/A       28%         2
 Apportation              Tloc           2%         N/A       30%         1
 Necrotise                Necr           4%         1d4       30%         1
 Summon Small Mammal      Summ           4%         N/A       30%         1
 Cigotuvi's Dreadful Rot  Necr/Pois/Air  6%         N/A       32%         2
 Stone Arrow              Conj/Erth      2%         3d7       67%         3
 Animate Armour           Summ/Erth      2%         N/A       97%         4
 Lehudib's Crystal Spear  Conj/Erth      0%         10d2      100%        8


Dungeon Overview and Level Annotations

Branches:
Dungeon (3/15)

Altars:


Innate Abilities, Weirdness & Mutations

You have a pair of horns on your head.
You are partially covered in yellow scales. (AC +2)
You regenerate magic rapidly.
You are somewhat resistant to further mutation.


Message History

There is a stone staircase leading down here.
Things that are here:
4 stones; a +0 club
c - 4 stones You can't go down here!
There is a stone staircase leading down here.
You climb downwards.
There is a stone staircase leading up here.
A gnoll comes into view. It is wielding a +0 halberd.
A gnoll comes into view. It is wielding a +0 whip.
The gnoll shouts!
A gnoll comes into view. It is wielding a +0 spear.
The gnoll shouts!
It was a potion of mutation.
You feel extremely strange.
You feel genetically stable. The gnoll completely misses you.
You completely miss the gnoll. Your headbutt misses the gnoll.
The gnoll hits you from afar with a +0 spear.
The gnoll closely misses you.
You hit the gnoll. Your headbutt misses the gnoll.
The gnoll is lightly wounded.
The gnoll hits you with a +0 halberd!
The gnoll hits you from afar with a +0 spear.
You hit the gnoll.
The gnoll is heavily wounded.
The gnoll closely misses you. The gnoll hits you but does no damage.
You barely miss the gnoll.
The gnoll is heavily wounded.
The gnoll hits you with a +0 halberd!
* * * LOW HITPOINT WARNING * * *
The gnoll hits you from afar with a +0 spear.
* * * LOW HITPOINT WARNING * * *
You hit the gnoll.
The gnoll is almost dead.
The gnoll completely misses you. You block the gnoll's attack. x2
The gnoll barely misses you.
You hit the gnoll but do no damage. You headbutt the gnoll.
You kill the gnoll!
The gnoll hits you from afar with a +0 spear.
You die...

## #.........
#######.......#
#.....)......##
..######..#### #..# ##.#
### #.#
.....################.#####
.......gg)@.<.............#
.....################.#####
### #.....# #...>.# #.....#
#####.# #.## #.†## ##..#


You could see 2 gnolls.

Vanquished Creatures
  Natasha (thrice) (D:2)
  Terence (D:3)
  A gnoll (D:3)
  2 adders
  2 worms (D:2)
  3 dart slugs
  3 endoplasms
  2 giant cockroaches
  4 goblins (D:1)
  4 hobgoblins (D:1)
  6 quokkas
  2 ball pythons
  7 bats
  3 frilled lizards
  3 kobolds
  5 rats
51 creatures vanquished.

Notes
Turn   | Place    | Note
-------+----------+-------------------------------------------
     0 | D:1      | jtron the Demonspawn Wanderer began the quest for the Orb.
     0 | D:1      | jtron set off with the following items: a +2 falchion, a +0
                  | buckler, a scroll of blinking, a +0 robe; and the following
                  | spells available to memorise: Poisonous Vapours, Cigotuvi's
                  | Dreadful Rot.
     0 | D:1      | Reached XP level 1. HP: 13/13 MP: 2/2
   154 | D:1      | Gained mutation: You have a pair of small horns on your
                  | head. [demonic ancestry]
   154 | D:1      | Reached XP level 2. HP: 15/19 MP: 3/3
   486 | D:1      | Gained mutation: You have a pair of horns on your head.
                  | [demonic ancestry]
   486 | D:1      | Reached XP level 3. HP: 25/25 MP: 5/5
   927 | D:2      | Reached skill level 1 in Poison Magic
   997 | D:2      | Gained mutation: You are partially covered in yellow
                  | scales. (AC +2) [demonic ancestry]
   997 | D:2      | Reached XP level 4. HP: 31/31 MP: 6/6
  1117 | D:2      | Reached skill level 1 in Fighting
  1141 | D:2      | Noticed Natasha
  1153 | D:2      | Killed Natasha
  1200 | D:2      | Noticed Natasha
  1209 | D:2      | Killed Natasha
  1210 | D:2      | Reached skill level 1 in Ranged Weapons
  1317 | D:2      | Noticed Natasha
  1333 | D:2      | Killed Natasha
  1334 | D:2      | Gained mutation: You regenerate magic rapidly. [demonic
                  | ancestry]
  1334 | D:2      | Reached XP level 5. HP: 18/37 MP: 8/8
  1487 | D:3      | Noticed Terence
  1497 | D:3      | Killed Terence
  1567 | D:3      | Gained mutation: You are somewhat resistant to further
                  | mutation. [potion of mutation]
  1574 | D:3      | Slain by a gnoll

Illustrated notes

Levels and vault maps discovered:
D:1:      wander_arrival_peaceful_grave, layout_loops_ring, kennysheep_boxes
D:2:      layout_rooms, uniq_natasha
D:3:      layout_rooms, fedhas_altar_fruit_tree, guppyfry_early_lair_pool,
          uniq_terence, uniq_crazy_yiuf_cottage

Skill      XL: |  1  2  3  4 |
---------------+-------------+-----
Shields        | 2 |  2.1
Long Blades    | 2 |  2.7
Poison Magic   | 1 |  1.5
Fighting       | 1 |  1.5
Ranged Weapons | 1 |  1.9
Spellcasting   | 2 |  2.0
Armour         | |  1.9
Dodging        | |  1.2
Air Magic      | |  1.0
Invocations    | |  1.2

Action                     |  1- 3 |  4- 6 || total
---------------------------+-------+-------++-------
  Melee: Falchion          |    46 |    38 ||    84
         Headbutt          |     3 |     3 ||     6
   Fire: Sling             |    57 |    19 ||    76
    Use: Potion            |     1 |     3 ||     4
         Scroll            |       |     1 ||     1
   Stab: Sleeping          |     1 |       ||     1
 Armour: Robe              |    10 |     6 ||    16
  Dodge: Dodged            |    31 |    44 ||    75
  Block: Buckler           |    18 |     8 ||    26

Table legend: (Time is in decaauts)
 A = Elapsed time spent in this place.
 B = Non-inter-level travel time spent in this place.
 C = Inter-level travel time spent in this place.
 D = Time resting spent in this place.
 E = Time spent auto-exploring this place.
 F = Levels seen in this place.
 G = Mean time per level.
                   A        B        C        D        E       F      G
               +--------+--------+--------+--------+--------+-----+--------+
         Total |   1633 |   1567 |     66 |      0 |   1161 |   3 |  544.3 |
       Dungeon |   1633 |   1567 |     66 |      0 |   1161 |   3 |  544.3 |
               +--------+--------+--------+--------+--------+-----+--------+

Top non-repeatable levels by time:
     D:1: 843 daAuts
     D:2: 703 daAuts
     D:3: 85 daAuts
